 Dungeon Crawl Stone Soup version 0.19-a0-934-gf1df8d1 (webtiles) character file.

439230 incide the Sorcerer (level 22, -12/125 HPs)
             Began as a High Elf Wanderer on July 5, 2016.
             Was the Champion of Ashenzari.
             Shot with a bolt by a yaktaur captain (38 damage)
             ... on level 5 of the Vaults on July 7, 2016.
             The game lasted 06:12:45 (77525 turns).

incide the Sorcerer (High Elf Wanderer)            Turns: 77525, Time: 06:12:46

Health: -12/125    AC: 15    Str: 12    XL:     22   Next: 99%
Magic:  6/57       EV: 26    Int: 34    God:    Ashenzari [******]
Gold:   3337       SH: 10    Dex: 18    Spells: 16 memorised, 6 levels left

rFire  + + +     SeeInvis +     J - staff of conjuration {!a}
rCold  . . .     Gourm    .     o - +1 robe {rC+ rF+} (curse)
rNeg   + . .     Faith    .     O - +3 warlock's mirror {reflect} (curse)
rPois  .         Spirit   .     U - +2 helmet "Oresocsucho" {rF++ Int+2 SInv} (curse)
rElec  +         Dismiss  +     T - +2 cloak {+Inv} (curse)
rCorr  .         Reflect  +     P - +2 pair of gloves {archery} (curse)
SustAt .         Harm     .     s - +1 pair of boots {Stlth+} (curse)
MR     +++..     Clarity  +     F - amulet "Kiesk" {Dismiss Fragile rElec rC+ rN+}
Stlth  ++++......               N - ring "Henter" {rElec rF- MP+9 Str+3 Slay+2} (curse)
                                R - +5 ring of intelligence (curse)

@: immune to fire clouds (expiring), about to teleport, marked, delayed
fireball, extremely resistant to hostile enchantments, stealthy
A: magic resistance 1, mutation resistance 1, regeneration 1
a: Curse Item, Scrying, Transfer Knowledge, Renounce Religion, Release Delayed
Fireball, Evoke Invisibility
}: 2/15 runes: decaying, serpentine


You were on level 5 of the Vaults.
You worshipped Ashenzari.
Ashenzari was exalted by your worship.
You were hungry.

You visited 8 branches of the dungeon, and saw 40 of its levels.
You visited the Abyss 3 times.
You also visited: Ossuary and Volcano.

You collected 4460 gold pieces.
You spent 1123 gold pieces at shops.

Inventory:

Missiles
 Q - 2 throwing nets (quivered)
Armour
 o - a cursed +1 robe of resistance (worn)
 s - a cursed +1 pair of boots of stealth (worn)
 B - the cursed +1 cloak of Starlight {rElec rC+ EV+4 Stlth--}
   (You acquired it on level 2 of the Swamp)

   It affects your evasion (+4).
   It protects you from cold.
   It insulates you from electricity.
   It makes you much less stealthy.
   It has a curse placed upon it.
 O - the cursed +3 warlock's mirror (worn) {reflect}
   (You acquired it on level 2 of the Swamp)

   It has a curse placed upon it.
 P - a cursed +2 pair of gloves of archery (worn)
 T - a cursed +2 cloak of invisibility (worn)
 U - the cursed +2 helmet "Oresocsucho" (worn) {rF++ Int+2 SInv}
   (You bought it in a shop on level 2 of the Orcish Mines)

   It affects your intelligence (+2).
   It greatly protects you from fire.
   It lets you see invisible.
   It has a curse placed upon it.
Magical Staves
 J - an uncursed staff of conjuration (weapon) {!a}
Rods
 E - a +8 rod of shadows (11/11) {!a}
   (You took it off a deep elf mage on level 3 of the Elven Halls)
Jewellery
 r - an uncursed ring of resist corrosion
 F - the amulet "Kiesk" (around neck) {Dismiss Fragile rElec rC+ rN+}
   (You took it off a deep elf death mage on level 3 of the Elven Halls)

   [amulet of dismissal]

   It may teleport away creatures that harm you.
   It protects you from cold.
   It insulates you from electricity.
   It protects you from negative energy.
   It will be destroyed if unequipped.
 N - the cursed ring "Henter" (right hand) {rElec rF- MP+9 Str+3 Slay+2}
   (You took it off a salamander mystic on level 3 of the Snake Pit)

   [ring of magical power]

   It affects your strength (+3).
   It affects your accuracy and damage with ranged weapons and melee attacks
   (+2).
   It makes you vulnerable to fire.
   It insulates you from electricity.
   It affects your magic capacity (+9).
   It has a curse placed upon it.
 R - a cursed +5 ring of intelligence (left hand)
 V - the ring "Custroez" {rC+ MP+9 Int+4 Slay+2}
   (You took it off a deep elf mage on level 3 of the Elven Halls)

   [ring of magical power]

   It affects your intelligence (+4).
   It affects your accuracy and damage with ranged weapons and melee attacks
   (+2).
   It protects you from cold.
   It affects your magic capacity (+9).
 Y - a cursed ring of protection from cold
Wands
 z - a wand of teleportation (6/9)
 A - a wand of disintegration (8/24)
 L - a wand of iceblast (6/15)
 M - a wand of lightning (10/15)
Scrolls
 c - 18 scrolls of identify
 h - 9 scrolls of enchant weapon
 k - 8 scrolls of magic mapping
 p - 6 scrolls of fear
 q - 3 scrolls of fog
 u - 8 scrolls of immolation
 y - 5 scrolls of blinking
 G - 3 scrolls of summoning
 I - a scroll of holy word
 K - 9 scrolls of amnesia
 W - 4 scrolls of teleportation
 X - 8 scrolls of remove curse
Potions
 b - 2 potions of heal wounds
 e - 2 potions of cure mutation {!q}
 g - 3 potions of agility
 i - 5 potions of haste
 j - 7 potions of flight
 n - 3 potions of magic
 t - 5 potions of resistance
 v - 2 potions of ambrosia {!e}
 w - 4 potions of curing
 D - a potion of invisibility
 H - a potion of cancellation
 S - 4 potions of brilliance
 Z - 3 potions of might
Miscellaneous
 a - a fan of gales
 d - a disc of storms
 C - 2 boxes of beasts
Comestibles
 f - 5 bread rations
 l - 18 meat rations
 m - 16 royal jellies


   Skills:
 - Level 3.3 Fighting
 - Level 5.9 Armour
 - Level 12.7(16.8) Dodging
 - Level 1.1(3.7) Stealth
 - Level 6.1(9.2) Shields
 - Level 21.9 Spellcasting
 - Level 18.1(20.5) Conjurations
 - Level 1.0(2.7) Hexes
 - Level 7.7(10.7) Charms
 - Level 14.9(17.5) Necromancy
 - Level 1.1(2.9) Translocations
 + Level 21.0(23.2) Fire Magic
   Level 1.0(2.7) Ice Magic
 - Level 1.0(2.7) Evocations


You had 6 spell levels left.
You knew the following spells:

 Your Spells              Type           Power        Failure   Level  Hunger
a - Iskenderun's Mystic   Conj           ########     0%          4    None
b - Blink                 Tloc           N/A          1%          2    None
c - Slow                  Hex            ######..     1%          2    None
d - Conjure Flame         Conj/Fire      ########     0%          3    None
e - Deflect Missiles      Chrm/Air       ######....   14%         6    None
f - Fireball              Conj/Fire      #########.   0%          5    None
g - Pain                  Necr           ####         0%          1    None
h - Orb of Destruction    Conj           ########..   1%          7    None
i - Magic Dart            Conj           ####         0%          1    None
j - Bolt of Fire          Conj/Fire      #########.   1%          6    None
k - Iron Shot             Conj/Erth      ########..   1%          6    None
l - Delayed Fireball      Conj/Fire      N/A          1%          7    None
m - Ring of Flames        Chrm/Fire      ########..   1%          7    None
n - Stone Arrow           Conj/Erth      ######       1%          3    None
o - Apportation           Tloc           ######....   1%          1    None
x - Sublimation of Blood  Necr           ########..   0%          2    None


Dungeon Overview and Level Annotations

Branches:
Dungeon (15/15)            Temple (1/1) D:5            Lair (6/6) D:11
  Swamp (4/4) Lair:4        Snake (4/4) Lair:4        Slime (0/5) Lair:6
    Orc (2/2) D:11            Elf (3/3) Orc:2        Vaults (5/5) D:14
  Crypt (0/3) Vaults:2     Depths (0/5) D:15

Altars:
Ashenzari
Cheibriados
Dithmenos
Elyvilon
Fedhas
Gozag
Hepliaklqana
Kikubaaqudgha
Makhleb
Nemelex Xobeh
Okawaru
Pakellas
Qazlal
Ru
Sif Muna
Trog
Uskayaw
Vehumet
Xom
Yredelemnul
Zin
The Shining One
Beogh

Shops:
D:12 ::(}   Orc:1 ([*   Orc:2 !}[?   Elf:3 *   Snake:4 [   Vaults:1 *

Annotations:
Swamp:3 CypherZel's ghost, adept MiFi
Snake:4 exclusions: anaconda and 1 more exclusion


Innate Abilities, Weirdness & Mutations

You are immune to clouds of flame.
You are resistant to hostile enchantments. (MR+)
You are somewhat resistant to further mutation.
Your natural rate of healing is unusually fast.


Message History

The stone giant throws a large rock.
The large rock hits you!!
* * * LOW HITPOINT WARNING * * *
The amulet "Kiesk" {Dismiss Fragile rElec rC+ rN+} vibrates suddenly!
The stone giant disappears!
An orc knight, a yaktaur and an ironheart preserver come into view.
The ironheart preserver is wielding a great mace of venom.
You feel much better.
A vault warden comes into view. It is wielding a war axe.
As you read the scroll of teleportation, it crumbles to dust.
You feel strangely unstable.
Your ring of flames is guttering out.
The yaktaur wields an arbalest.
The yaktaur shoots a bolt.
You reflect the bolt off your cursed +3 warlock's mirror {reflect}!
The bolt hits the yaktaur!!
The tengu reaver casts a spell at you. The bolt of lightning hits you!
You resist.
* * * LOW HITPOINT WARNING * * *
The yaktaur captain wields an arbalest.
The yaktaur captain shoots a bolt.
The bolt hits you!!!
You die...

, ,, , *, ,,,#...# ,,
* , *, * * .#####.{{#
,, * ,, ,, , ,,,, ,
{.....[%.(# , *,, ,
,, , ,,.......{{#
,,,**,, * * , * **, {
#{..# ,,*** * ,, ,, ,
, ,∆ #...#, , * ,, ,
,,* ,#,{*,, #∆p.# ,
*, ,,,* ** ,
**##.c#####Qc.#
,,.**,, , ,,, , ,
......§@§T.)#.{..*,,
,, , ,,
,......§§§..co§....,,
* *
###########.p.....,
** * , , , ,, ,, ,, ,
......., , , , , , ,,
, ....... , , * ****
* * * *** #######* *
*


You could see an ironheart preserver, a vault warden, a tengu reaver, 2 yaktaur
captains, an orc knight, a yaktaur and a troll.

Vanquished Creatures
  Bai Suzhen (Elf:3)
  Saint Roka (Vaults:1)
  The ghost of Waterpls the Stormcaller, an adept DrCj of Vehumet (Vaults:3)
  3 tentacled monstrosities
  Jorgrun (Vaults:3)
  A titan (Vaults:5)
  2 deep elf master archers (Elf:3)
  3 deep elf blademasters
  A sphinx (Vaults:1)
  A tentacled starspawn (Abyss:3)
  Gastronok (D:11)
  2 tengu reavers (Vaults:5)
  3 thorn hunters
  A storm dragon (Vaults:4)
  Roxanne (Swamp:1)
  8 greater nagas
  Maud (D:14)
  2 fire giants
  3 deep elf elementalists (Elf:3)
  A frost giant (Vaults:1)
  An orc warlord (Orc:2)
  10 deep elf sorcerers
  13 vault wardens
  A ghoul (Vaults:2)
  10 ironheart preservers
  A war gargoyle (Vaults:5)
  9 stone giants
  5 deep elf demonologists
  The ghost of Shenda the Impaler, a journeyman VSFi of Jiyva (D:15)
  3 very ugly things
  12 deep elf annihilators
  A dire elephant (Lair:2)
  15 deep elf death magi
  9 deep elf high priests
  4 ettins
  6 yaktaur captains
  A jiangshi (Vaults:2)
  2 fire dragons (Vaults:1)
  5 rakshasas
  5 ice dragons
  Fannar (Lair:2)
  35 vault guards
  4 ghost crabs
  14 naga warriors
  26 hydras
  6 centaur warriors
  16 anacondas
  A deep troll shaman (Vaults:3)
  3 death knights
  7 alligators
  3 tengu warriors
  17 ogre magi
  5 death yaks (Lair:5)
  30 dancing weapons
  A shock serpent (shapeshifter) (Vaults:5)
  14 naga sharpshooters
  Urug (D:14)
  28 deep elf knights
  5 hell knights (Vaults:3)
  7 shock serpents
  2 fire crabs
  2 shadow wraiths (Vaults:3)
  Sonja (D:10)
  A wretched star (Abyss:3)
  An unseen horror (D:11)
  A skeletal warrior (Vaults:2)
  8 salamander mystics
  5 deep trolls
  17 swamp dragons
  A swamp dragon (shapeshifter) (D:15)
  3 flayed ghosts
  3 spriggan druids
  8 naga ritualists
  5 shambling mangroves
  2 giant orange brains
  7 hill giants
  27 deep elf archers
  17 ironbrand convokers
  2 necromancers
  A large abomination (Abyss:3)
  Pikel (D:4)
  A harpy (Vaults:3)
  4 lindwurms (Snake:4)
  13 orc knights
  A harpy (shapeshifter) (Vaults:2)
  2 wizards
  An anubis guard (shapeshifter) (Elf:3)
  52 ugly things
  4 wolf spiders
  A wolf spider zombie (D:15)
  17 mana vipers
  7 griffons
  2 manticores
  68 deep elf magi
  8 orc sorcerers
  An oklob plant (Lair:5)
  A hornet (Vaults:3)
  An octopode (shapeshifter) (Vaults:1)
  A griffon (shapeshifter) (Vaults:1)
  13 salamanders
  5 cyclopes
  15 elephants (Lair:2)
  15 vault sentinels
  2 black mambas (shapeshifter)
  36 black mambas
  7 guardian serpents
  An apocalypse crab (Abyss:3)
  A molten gargoyle (Volcano)
  The ghost of Lessnames the Carver, a novice DgFi (Ossuary)
  13 spiny frogs
  An eye of devastation (shapeshifter) (Vaults:3)
  3 gargoyles
  2 smoke demons (Abyss:3)
  An efreet (Volcano)
  30 naga magi
  8 freezing wraiths
  A yaktaur (shapeshifter) (D:15)
  A rime drake (Lair:4)
  8 komodo dragons
  28 yaktaurs
  2 tengu conjurers
  6 kobold demonologists
  Grinder (D:4)
  A red devil (Volcano)
  A troll (shapeshifter) (Vaults:2)
  3 polar bears (Lair:6)
  A queen bee (Lair:2)
  A meliai (shapeshifter) (Vaults:3)
  5 trolls
  6 giant leeches
  21 two-headed ogres
  4 boulder beetles
  3 raiju (Abyss:3)
  21 slime creatures
  21 blink frogs
  19 bog bodies
  25 spriggans
  2 redbacks (Lair:6)
  A centaur simulacrum (D:15)
  5 air elementals
  3 shadows
  A tarantella (shapeshifter) (D:15)
  2 basilisks
  A basilisk (shapeshifter) (Vaults:1)
  A fire bat (Volcano)
  A vampire (D:15)
  2 water elementals
  3 wyverns
  4 wraiths
  21 yaks
  5 fire elementals
  2 humans
  2 steam dragons
  28 vampire mosquitoes
  10 hippogriffs
  3 hungry ghosts
  5 wargs
  2 mottled dragons
  A neqoxec (Abyss:3)
  12 water moccasins
  20 swamp worms
  10 insubstantial wisps
  Edmund (D:4)
  42 nagas
  4 hell hounds
  5 porcupines
  45 orc warriors
  18 swamp drakes
  7 black bears
  3 ice beasts
  4 sky beasts
  A necrophage (D:10)
  A phantom (D:10)
  An eye of draining (D:12)
  An ogre (shapeshifter) (Vaults:1)
  42 ogres
  27 wasps
  7 boggarts
  44 wolves
  17 crocodiles
  26 centaurs
  9 big kobolds
  11 giant frogs
  Blork the orc (D:5)
  5 earth elementals
  3 gnoll sergeants (D:11)
  A wyvern zombie (D:14)
  A wyvern skeleton (D:14)
  2 scorpions
  12 wights
  23 killer bees (Lair:2)
  An electric eel (Lair:6)
  2 howler monkeys
  13 crimson imps
  6 centaur zombies
  A giant frog zombie (D:12)
  7 hounds
  A wasp zombie (D:14)
  A human zombie (Ossuary)
  2 lava snakes
  3 quasits
  A wyvern simulacrum (D:14)
  16 jellies
  47 orc wizards
  17 orc priests
  8 centaur skeletons
  2 giant frog skeletons (D:5)
  9 iguanas
  8 worker ants
  4 sheep (D:14)
  A big kobold zombie (Ossuary)
  2 mummies (Ossuary)
  2 worker ant zombies
  5 gnolls
  29 river rats
  16 adders
  2 shadow imps (D:7)
  4 oozes
  An adder skeleton (D:4)
  4 adder zombies
  7 worms
  A dart slug (D:2)
  7 giant geckos
  146 orcs
  5 bats
  2 giant cockroaches
  12 goblins
  7 hobgoblins
  22 jackals
  5 quokkas
  3 ball pythons
  8 giant newts
  3 goblin zombies (Ossuary)
  11 hobgoblin zombies (Ossuary)
  A jackal skeleton (D:4)
  4 jackal zombies
  21 kobolds
  8 kobold zombies (Ossuary)
  5 orc zombies (Ossuary)
  2 quokka skeletons
  7 rats
  A spectral orc (D:3)
  2 briar patches (Swamp:4)
  2 fungi
  2 plants (Lair:5)
  3 starspawn tentacles (Abyss:3)
2032 creatures vanquished.

Vanquished Creatures (collateral kills)
  A killer bee (Lair:2)
1 creature vanquished.

Vanquished Creatures (others)
  2 stone giants (Vaults:4)
  A yaktaur captain (Vaults:5)
  3 centaur warriors
  A naga sharpshooter (Snake:1)
  A wizard (D:14)
  2 deep elf archers (Elf:1)
  3 yaktaurs (Vaults:3)
  A blink frog (Abyss:3)
  An orc warrior (Vaults:1)
  A centaur (D:15)
  An orc (Orc:1)
  3 briar patches (Swamp:4)
  102 fungi
  43 plants
  24 starspawn tentacles (Abyss:3)
  174 starspawn tentacle segments (Abyss:3)
363 creatures vanquished.

Grand Total: 2396 creatures vanquished

Notes
Turn   | Place    | Note
-------+----------+-------------------------------------------
     0 | D:1      | incide the High Elf Wanderer began the quest for the Orb.
     0 | D:1      | incide set off with: a book of Minor Magic, a scroll of teleportation, the Grimoire of Battle Magic, a +0 robe, a +0 dagger, a bread ration
     0 | D:1      | Reached XP level 1. HP: 11/11 MP: 7/7
     0 | D:1      | Identified the Grimoire of Battle Magic
     2 | D:1      | Learned a level 1 spell: Magic Dart
    18 | D:1      | Reached skill level 1 in Dodging
   133 | D:1      | Reached XP level 2. HP: 17/17 MP: 2/8
   316 | D:1      | Reached skill level 3 in Conjurations
   661 | D:1      | Reached XP level 3. HP: 20/21 MP: 5/10
   729 | D:1      | Learned a level 2 spell: Blink
   732 | D:1      | Learned a level 2 spell: Slow
   736 | D:1      | Learned a level 3 spell: Conjure Flame
   740 | D:1      | Learned a level 3 spell: Mephitic Cloud
  1023 | D:2      | Reached skill level 2 in Dodging
  1596 | D:2      | Reached skill level 4 in Conjurations
  1784 | D:2      | Reached XP level 4. HP: 27/27 MP: 5/11
  2452 | D:3      | Found a basalt altar of Yredelemnul.
  2683 | D:3      | Noticed a giant frog
  2692 | D:3      | Killed a giant frog
  2692 | D:3      | Reached skill level 5 in Conjurations
  2692 | D:3      | Reached XP level 5. HP: 31/31 MP: 3/13
  2906 | D:3      | Found a shattered altar of Ashenzari.
  2915 | D:3      | Became a worshipper of Ashenzari the Shackled
  3236 | D:4      | Noticed an ice beast
  3267 | D:4      | Killed an ice beast
  3267 | D:4      | Reached skill level 3 in Dodging
  3267 | D:4      | Reached skill level 6 in Conjurations
  3267 | D:4      | Reached XP level 6. HP: 27/36 MP: 0/14
  3858 | D:4      | Noticed a slave
  3897 | D:4      | Noticed Grinder
  3900 | D:4      | Noticed Edmund
  3902 | D:4      | Paralysed by Grinder for 2 turns
  3908 | D:4      | Paralysed by Grinder for 4 turns
  3919 | D:4      | Killed Grinder
  3919 | D:4      | Reached skill level 4 in Dodging
  3919 | D:4      | Reached skill level 7 in Conjurations
  3919 | D:4      | Reached XP level 7. HP: 24/41 MP: 3/15
  3930 | D:4      | Killed Edmund
  3930 | D:4      | Reached skill level 8 in Conjurations
  4404 | D:4      | Noticed Pikel
  4430 | D:4      | Killed Pikel
  4430 | D:4      | Reached skill level 5 in Dodging
  4430 | D:4      | Reached skill level 9 in Conjurations
  4430 | D:4      | Reached XP level 8. HP: 22/46 MP: 7/16
  4656 | D:5      | Entered Level 5 of the Dungeon
  4722 | D:5      | Noticed Blork the orc
  4728 | D:5      | Learned a level 3 spell: Stone Arrow
  4736 | D:5      | Killed Blork the orc
  4822 | D:5      | Reached skill level 10 in Conjurations
  4974 | D:5      | Found a staircase to the Ecumenical Temple.
  4992 | Temple   | Entered the Ecumenical Temple
  5780 | D:5      | Found a glowing silver altar of Zin.
  5780 | D:5      | Found a shadowy altar of Dithmenos.
  5923 | D:6      | Found a sand-covered staircase.
  5931 | Ossuary  | Entered an ossuary
  5938 | Ossuary  | Noticed Lessnames's ghost (novice DgFi)
  5977 | Ossuary  | HP: 6/46 [Lessnames's ghost (12)]
  5988 | Ossuary  | Killed Lessnames's ghost
  5988 | Ossuary  | Reached skill level 6 in Dodging
  5988 | Ossuary  | Reached skill level 11 in Conjurations
  5988 | Ossuary  | Reached XP level 9. HP: 51/51 MP: 13/17
  6407 | Ossuary  | HP: 6/51 [human zombie (8)]
  7327 | D:6      | Identified a -2 rod of ignition (10/10) (You found it on level 6 of the Dungeon)
  7507 | D:6      | Reached skill level 12 in Conjurations
  7551 | D:6      | Reached skill level 7 in Dodging
  7919 | D:6      | Found an oddly glowing altar of Pakellas.
  8252 | D:7      | Reached skill level 5 in Spellcasting
  8256 | D:7      | Reached * piety under Ashenzari
  8554 | D:7      | Reached skill level 1 in Fighting
  8686 | D:7      | Found a hide-covered altar of Uskayaw.
  8896 | D:7      | Found a bloodstained altar of Trog.
  9363 | D:8      | Reached skill level 2 in Fighting
  9473 | D:8      | Found a sparkling altar of Nemelex Xobeh.
  9849 | D:9      | Upgraded the game from 0.19-a0-905-ge5e6a15 to 0.19-a0-926-g4486784
  9911 | D:9      | Found a deep blue altar of Sif Muna.
  9928 | D:9      | Found a radiant altar of Vehumet.
  9941 | D:9      | Found an ancient bone altar of Kikubaaqudgha.
  9943 | D:9      | Reached skill level 6 in Spellcasting
  9948 | D:9      | Identified Kikubaaqudgha's Tome of Evil Magic
 10006 | D:9      | Reached XP level 10. HP: 52/61 MP: 19/20
 10011 | D:9      | Identified the +1 helmet of Cotiaz {rC+}
 10266 | D:9      | Identified the ring of the Marlin {SustAt rN+ Dex+3}
 10269 | D:9      | Reached ** piety under Ashenzari
 10376 | D:10     | Entered Level 10 of the Dungeon
 10397 | D:10     | Reached skill level 13 in Conjurations
 10402 | D:10     | Noticed Sonja
 10410 | D:10     | Killed Sonja
 10410 | D:10     | Reached skill level 3 in Fighting
 10508 | D:10     | Identified a scroll of acquirement
 10652 | D:10     | Learned a level 1 spell: Pain
 10669 | D:10     | Learned a level 2 spell: Repel Missiles
 10768 | D:10     | Reached skill level 1 in Armour
 11006 | D:10     | Reached skill level 2 in Armour
 11030 | D:10     | Noticed a hill giant
 11034 | D:10     | Killed a hill giant
 11034 | D:10     | Reached skill level 3 in Armour
 11150 | D:10     | Noticed a gargoyle
 11157 | D:10     | Killed a gargoyle
 11157 | D:10     | Reached skill level 4 in Armour
 11514 | D:10     | Reached skill level 8 in Dodging
 11643 | D:10     | Reached skill level 5 in Armour
 12284 | D:11     | Noticed an orange demon
 12284 | D:11     | Reached XP level 11. HP: 67/67 MP: 15/22
 12604 | D:11     | Found a staircase to the Lair.
 12613 | D:11     | Reached skill level 9 in Dodging
 12756 | D:11     | Reached skill level 7 in Spellcasting
 12832 | D:11     | Killed an unseen horror
 12832 | D:11     | Reached skill level 8 in Spellcasting
 13016 | D:11     | Noticed Gastronok
 13025 | D:11     | Killed Gastronok
 13025 | D:11     | Reached skill level 9 in Spellcasting
 13292 | D:11     | Reached skill level 10 in Spellcasting
 13409 | D:11     | HP: 13/67 [manticore (6)]
 13603 | D:11     | Gained mutation: You are dopey. (Int -2) [mutagenic meat]
 13606 | D:11     | Gained mutation: You are robust. (+10% HP) [mutagenic meat]
 13609 | D:11     | Gained mutation: Your natural rate of healing is unusually fast. [mutagenic meat]
 13612 | D:11     | Gained mutation: You are very robust. (+20% HP) [mutagenic meat]
 13911 | D:11     | Found a staircase to the Orcish Mines.
 14070 | Lair:1   | Entered Level 1 of the Lair of Beasts
 14140 | Lair:1   | Found a shimmering altar of Xom.
 14228 | Lair:1   | Reached skill level 11 in Spellcasting
 14512 | Lair:1   | Reached *** piety under Ashenzari
 14796 | Lair:1   | Got the cursed flail "Guurif" {crush, Int+5}
 14805 | Lair:1   | Noticed a six-headed hydra
 14818 | Lair:1   | Reached skill level 1 in Fire Magic
 14834 | Lair:1   | Killed a six-headed hydra
 14834 | Lair:1   | Reached skill level 3 in Fire Magic
 14873 | Lair:1   | Learned a level 5 spell: Fireball
 15159 | Lair:2   | Noticed Fannar
 15298 | Lair:2   | Reached skill level 4 in Fire Magic
 15298 | Lair:2   | Reached XP level 12. HP: 68/86 MP: 12/28
 15476 | Lair:2   | Reached skill level 5 in Fire Magic
 15537 | Lair:2   | Reached skill level 6 in Fire Magic
 15747 | Lair:2   | Learned a level 6 spell: Bolt of Fire
 15847 | Lair:2   | Killed Fannar
 15847 | Lair:2   | Reached skill level 7 in Fire Magic
 15928 | Lair:1   | Noticed a six-headed hydra
 16632 | Lair:2   | Reached skill level 8 in Fire Magic
 17026 | Lair:2   | Reached skill level 12 in Spellcasting
 17622 | Lair:2   | Reached skill level 9 in Fire Magic
 18057 | Lair:2   | Noticed a dire elephant
 18065 | Lair:2   | Killed a dire elephant
 18298 | Lair:3   | Found a dark tunnel.
 18346 | Volcano  | Entered a volcano
 18644 | Volcano  | Found a bloodstained altar of Trog.
 18713 | Volcano  | Reached XP level 13. HP: 92/92 MP: 25/30
 19215 | Lair:3   | Learned a level 3 spell: Ignite Poison
 19223 | Lair:3   | Learned a level 7 spell: Delayed Fireball
 19328 | Lair:3   | Reached skill level 13 in Spellcasting
 19401 | Lair:3   | Reached skill level 10 in Fire Magic
 19620 | Lair:3   | Reached skill level 1 in Hexes
 19663 | Lair:3   | Reached skill level 1 in Charms
 19683 | Lair:3   | Reached **** piety under Ashenzari
 19949 | Lair:3   | Reached skill level 2 in Charms
 20009 | Lair:3   | Reached skill level 3 in Charms
 20220 | Lair:3   | Reached skill level 4 in Charms
 20339 | Lair:4   | Reached skill level 5 in Charms
 20498 | Lair:4   | Reached skill level 6 in Charms
 20562 | Lair:4   | Found a staircase to the Swamp.
 20672 | Lair:4   | Found a staircase to the Snake Pit.
 20733 | Lair:4   | Reached skill level 7 in Charms
 21693 | Lair:5   | Found an iron altar of Okawaru.
 23109 | Lair:5   | Reached skill level 10 in Dodging
 23170 | Lair:6   | Entered Level 6 of the Lair of Beasts
 23377 | Lair:6   | Found a staircase to the Slime Pits.
 23577 | Lair:6   | Reached XP level 14. HP: 99/99 MP: 32/32
 23698 | Lair:6   | Reached ***** piety under Ashenzari
 24048 | Lair:6   | Reached skill level 11 in Dodging
 25028 | Lair:6   | Reached skill level 12 in Dodging
 25776 | Orc:1    | Entered Level 1 of the Orcish Mines
 25987 | Orc:1    | Found an iron altar of Okawaru.
 26176 | Orc:1    | Found Zauxaf's Antique Weapon Shoppe.
 26340 | Orc:2    | Entered Level 2 of the Orcish Mines
 26708 | Orc:2    | Reached skill level 11 in Fire Magic
 26766 | Orc:2    | Paralysed by an ogre mage for 5 turns
 27037 | Orc:2    | Found Waxer's Distillery.
 27042 | Orc:2    | Reached skill level 14 in Spellcasting
 27091 | Orc:2    | Bought a potion of mutation for 35 gold pieces
 27091 | Orc:2    | Gained mutation: You have supernaturally acute eyesight. (SInv) [potion of mutation]
 27091 | Orc:2    | Gained mutation: Your spells are a little easier to cast, but a little less powerful. [potion of mutation]
 27091 | Orc:2    | Gained mutation: You are somewhat resistant to further mutation. [potion of mutation]
 27103 | Orc:2    | Found Dinynnul's Antique Armour Boutique.
 27112 | Orc:2    | Bought an ichor-stained helmet for 294 gold pieces
 27122 | Orc:2    | Identified the +2 helmet "Oresocsucho" {rF++ Int+2 SInv} (You bought it in a shop on level 2 of the Orcish Mines)
 27160 | Orc:2    | Found an ancient bone altar of Kikubaaqudgha.
 27591 | Orc:2    | Found a roughly hewn altar of Beogh.
 27591 | Orc:2    | Found Muitupp's Gadget Boutique.
 27597 | Orc:2    | Found a radiant altar of Vehumet.
 27613 | Orc:2    | Found Elicew's Magic Scroll Shop.
 27628 | Orc:2    | Bought a scroll of identify for 36 gold pieces
 27628 | Orc:2    | Bought a scroll of identify for 36 gold pieces
 27628 | Orc:2    | Bought 3 scrolls of remove curse for 162 gold pieces
 28317 | Orc:2    | Found a staircase to the Elven Halls.
 28771 | Orc:2    | Noticed an orc warlord
 28837 | Orc:2    | Killed an orc warlord
 28911 | Orc:2    | Noticed a stone giant
 29055 | Orc:2    | Killed a stone giant
 29055 | Orc:2    | Reached skill level 12 in Fire Magic
 29086 | Orc:2    | Learned a level 7 spell: Ring of Flames
 29200 | Orc:1    | Found Yrurat's Armour Shoppe.
 29212 | Orc:1    | Bought a +0 cloak of invisibility for 115 gold pieces
 29253 | Orc:1    | Found Kishrih's General Store.
 29261 | Orc:1    | Bought a scroll of identify for 32 gold pieces
 29310 | Orc:1    | Noticed a stone giant
 29317 | Orc:1    | Killed a stone giant
 29929 | D:12     | Found Nazayss's Book Emporium.
 29932 | D:12     | Found Namixko's Antique Weapon Emporium.
 29936 | D:12     | Found Nicsy's Gadget Emporium.
 29939 | D:12     | Found Wicsylli's Book Emporium.
 30733 | D:12     | Reached skill level 15 in Spellcasting
 30733 | D:12     | Reached XP level 15. HP: 105/105 MP: 25/35
 31322 | D:13     | Found a hide-covered altar of Uskayaw.
 31530 | D:13     | Gained mutation: You occasionally shout uncontrollably at your foes. [mutagenic meat]
 32090 | D:14     | Reached skill level 1 in Necromancy
 32309 | D:14     | Noticed Urug
 32313 | D:14     | Killed Urug
 32314 | D:14     | Reached skill level 2 in Necromancy
 32401 | D:14     | Reached skill level 3 in Necromancy
 32652 | D:14     | Reached skill level 4 in Necromancy
 33386 | D:14     | Reached skill level 13 in Fire Magic
 33921 | D:14     | Found a roughly hewn altar of Beogh.
 34049 | D:14     | Found a glowing golden altar of the Shining One.
 34291 | D:14     | Noticed Maud
 34330 | D:14     | Killed Maud
 34707 | D:14     | Reached skill level 14 in Fire Magic
 34849 | D:14     | Found a gate to the Vaults.
 35028 | D:15     | Entered Level 15 of the Dungeon
 35169 | D:14     | Identified the cursed +1 flail "Guurif" {crush, Int+5} (You found it on level 1 of the Lair of Beasts)
 35204 | D:13     | Identified the cursed +1 hand crossbow of Wonooc {penet, rPois} (You found it on level 13 of the Dungeon)
 35237 | D:11     | Identified the +6 spear of Uskayaw's Whim {pierce, *Confuse rPois Str+2 Dex+6 SInv} (You took it off a gnoll sergeant on level 11 of the Dungeon)
 35492 | Swamp:1  | Entered Level 1 of the Swamp
 35492 | Swamp:1  | Noticed Roxanne
 36293 | Swamp:1  | Killed Roxanne
 36405 | Swamp:1  | Identified Roxanne's Incunabulum of Transmigration (You took it off Roxanne on level 1 of the Swamp)
 36514 | Swamp:1  | Reached skill level 15 in Fire Magic
 36649 | Swamp:1  | HP: 14/105 [giant leech (31)]
 38355 | Swamp:2  | Reached XP level 16. HP: 111/111 MP: 8/36
 39000 | Swamp:2  | SCOR
 39000 | Swamp:2  | SCORE
 39026 | Swamp:2  | Identified the +6 spear of Uskayaw's Whim {pierce, *Confuse rPois Str+2 Dex+6 SInv} (You took it off a gnoll sergeant on level 11 of the Dungeon)
 39277 | Swamp:2  | Reached skill level 1 in Shields
 39289 | Swamp:2  | Gained mutation: You can translocate small distances at will. [mutagenic meat]
 39710 | Swamp:3  | Reached skill level 2 in Shields
 39885 | Swamp:3  | Noticed a thorn hunter
 39894 | Swamp:3  | Killed a thorn hunter
 39894 | Swamp:3  | Reached skill level 3 in Shields
 40123 | Swamp:3  | Reached skill level 4 in Shields
 40128 | Swamp:3  | Paralysed by a wasp for 1 turns
 40626 | Swamp:3  | Reached skill level 5 in Shields
 40631 | Swamp:3  | Noticed CypherZel's ghost (adept MiFi)
 41486 | Swamp:3  | Identified the +1 leather armour of Tender Moments {Slay+5 Stlth+}
 41679 | Swamp:4  | Entered Level 4 of the Swamp
 41686 | Swamp:4  | Reached skill level 6 in Shields
 41879 | Swamp:4  | Reached skill level 16 in Fire Magic
 42192 | Swamp:4  | Noticed a thorn hunter
 42367 | Swamp:4  | Noticed a thorn hunter
 42370 | Swamp:4  | Killed a thorn hunter
 42555 | Swamp:4  | Killed a thorn hunter
 42585 | Swamp:3  | HP: 13/111 [alligator (13)]
 42586 | Swamp:3  | HP: 6/111 [alligator (12)]
 43176 | Swamp:4  | Reached skill level 17 in Fire Magic
 43524 | Swamp:4  | HP: 22/111 [poisoned by a swamp dragon (poison gas)]
 43529 | Swamp:4  | HP: 19/111 [poisoned by a swamp dragon (poison gas)]
 43534 | Swamp:4  | HP: 18/111 [poisoned by a swamp dragon (poison gas)]
 43539 | Swamp:4  | HP: 18/111 [poisoned by a swamp dragon (poison gas)]
 43545 | Swamp:4  | HP: 19/111 [poisoned by a swamp dragon (poison gas)]
 43553 | Swamp:4  | HP: 21/111 [poisoned by a swamp dragon (poison gas)]
 44093 | Swamp:3  | HP: 22/111 [poisoned by a swamp dragon (poison gas)]
 44098 | Swamp:3  | HP: 21/111 [poisoned by a swamp dragon (poison gas)]
 44105 | Swamp:3  | HP: 22/111 [poisoned by a swamp dragon (poison gas)]
 45294 | Swamp:4  | Got a decaying rune of Zot
 45646 | Swamp:1  | Reached XP level 17. HP: 117/117 MP: 11/37
 46254 | D:15     | Identified Vehumet's Reference Book on Combat Magic (You found it on level 15 of the Dungeon)
 46261 | D:15     | Learned a level 4 spell: Iskenderun's Mystic Blast
 46482 | D:15     | Lost mutation: You are dopey. (Int -2) [mutagenic meat]
 46562 | D:15     | Reached skill level 14 in Conjurations
 47596 | D:15     | Noticed Shenda's ghost (journeyman VSFi)
 47598 | D:15     | Killed Shenda's ghost
 47974 | D:15     | Found a staircase to the Depths.
 48164 | D:15     | Reached skill level 15 in Conjurations
 48521 | D:15     | Lost mutation: You occasionally shout uncontrollably at your foes. [mutagenic meat]
 48858 | Snake:1  | Entered Level 1 of the Snake Pit
 49054 | Snake:1  | Reached ****** piety under Ashenzari
 49685 | Snake:1  | Reached skill level 16 in Conjurations
 49817 | Snake:2  | Identified the Catalogue of the Earthen Traveller (You found it on level 2 of the Snake Pit)
 49820 | Snake:2  | Learned a level 1 spell: Apportation
 51060 | Snake:2  | Reached skill level 17 in Conjurations
 52264 | Snake:3  | Reached XP level 18. HP: 124/124 MP: 24/38
 52716 | Snake:3  | Reached skill level 18 in Conjurations
 52933 | Snake:3  | Identified the ring "Henter" {rElec rF- MP+9 Str+3 Slay+2} (You took it off a salamander mystic on level 3 of the Snake Pit)
 54244 | Snake:4  | Entered Level 4 of the Snake Pit
 54453 | Snake:4  | Found Simmel's Antique Armour Shoppe.
 54456 | Snake:4  | Bought a pitted leather armour for 287 gold pieces
 54456 | Snake:4  | Identified the +2 leather armour of Grace {rC++ Str+2 Dex+3} (You bought it in a shop on level 4 of the Snake Pit)
 55040 | Snake:4  | Reached skill level 16 in Spellcasting
 55956 | Snake:4  | Lost mutation: You are very robust. (+20% HP) [mutagenic meat]
 56073 | Snake:4  | Reached skill level 17 in Spellcasting
 57140 | Snake:4  | Reached skill level 18 in Spellcasting
 57725 | Snake:4  | Got a serpentine rune of Zot
 58295 | Elf:1    | Entered Level 1 of the Elven Halls
 58300 | Elf:1    | Reached XP level 19. HP: 118/118 MP: 24/42
 58769 | Elf:1    | Reached skill level 19 in Spellcasting
 58774 | Elf:1    | You are cast into the Abyss!
 58774 | Elf:1    | Cast into level 3 of the Abyss (a deep elf sorcerer)
 58903 | Abyss:3  | HP: 22/118 [tentacled starspawn (16)]
 59109 | Abyss:3  | Found a corrupted altar of Lugonu.
 59350 | Elf:1    | You pass through the gate.
 59350 | Elf:1    | Escaped the Abyss
 59638 | Elf:1    | HP: 23/118 [morningstar of draining (5)]
 60363 | Elf:1    | Upgraded the game from 0.19-a0-926-g4486784 to 0.19-a0-934-gf1df8d1
 60384 | Elf:1    | Reached skill level 20 in Spellcasting
 61130 | Elf:1    | HP: 23/118 [poisoned by a short sword of venom]
 61136 | Elf:1    | HP: 23/118 [poisoned by a short sword of venom]
 61822 | Elf:2    | Found a runed gate.
 61822 | Elf:2    | Found a runed gate.
 61822 | Elf:2    | Found a runed gate.
 62249 | Elf:2    | Reached skill level 21 in Spellcasting
 63424 | Elf:2    | Reached XP level 20. HP: 125/125 MP: 39/46
 63504 | Elf:3    | Entered Level 3 of the Elven Halls
 63504 | Elf:3    | Found Tyluafia's General Store.
 63510 | Elf:3    | Bought a scroll of teleportation for 63 gold pieces
 63510 | Elf:3    | Bought a scroll of teleportation for 63 gold pieces
 63637 | Elf:3    | Learned a level 6 spell: Deflect Missiles
 63667 | Elf:3    | Noticed Bai Suzhen
 63668 | Elf:3    | Identified the cursed +0 pair of gloves of the Morning Star {*Drain Dex+5}
 63708 | Elf:3    | Killed Bai Suzhen
 64456 | Elf:3    | Reached skill level 5 in Necromancy
 64673 | Elf:3    | Reached skill level 6 in Necromancy
 65059 | Elf:3    | Reached skill level 7 in Necromancy
 65402 | Elf:3    | Reached skill level 8 in Necromancy
 65540 | Elf:3    | You are cast into the Abyss!
 65540 | Elf:3    | Cast into level 3 of the Abyss (a deep elf sorcerer)
 65607 | Elf:3    | You pass through the gate.
 65607 | Elf:3    | Escaped the Abyss
 65694 | Elf:3    | Identified the amulet "Kiesk" {Dismiss Fragile rElec rC+ rN+} (You took it off a deep elf death mage on level 3 of the Elven Halls)
 65846 | Elf:3    | Identified the ring "Custroez" {rC+ MP+9 Int+4 Slay+2} (You took it off a deep elf mage on level 3 of the Elven Halls)
 65858 | Elf:3    | Reached skill level 9 in Necromancy
 66330 | Elf:3    | You are cast into the Abyss!
 66330 | Elf:3    | Cast into level 2 of the Abyss (a deep elf demonologist)
 66398 | Elf:3    | You pass through the gate.
 66398 | Elf:3    | Escaped the Abyss
 66403 | Elf:3    | Reached skill level 10 in Necromancy
 66794 | Elf:3    | Identified the Compendium of the Fifty Wishes (You found it on level 3 of the Elven Halls)
 66812 | Elf:3    | Identified the +1 chain mail "Lutuvonk" {Dex+2}
 66887 | Elf:3    | Identified the Collected Works on Flying Protection (You found it on level 3 of the Elven Halls)
 66901 | Elf:3    | Learned a level 2 spell: Sublimation of Blood
 67054 | Elf:2    | Identified a +8 rod of shadows (11/11) {!a} (You took it off a deep elf mage on level 3 of the Elven Halls)
 67245 | Vaults:1 | Entered Level 1 of the Vaults
 67256 | Vaults:1 | Gained mutation: You are resistant to hostile enchantments. (MR+) [mutagenic meat]
 68006 | Vaults:1 | Found Evaatunaff's General Store.
 68063 | Vaults:1 | Noticed Saint Roka
 68067 | Vaults:1 | Killed Saint Roka
 68277 | Vaults:1 | Reached skill level 11 in Necromancy
 68462 | Vaults:1 | Reached XP level 21. HP: 129/129 MP: 29/47
 69587 | Vaults:1 | Reached skill level 12 in Necromancy
 70651 | Vaults:2 | Learned a level 7 spell: Orb of Destruction
 70662 | Vaults:2 | Learned a level 6 spell: Iron Shot
 70935 | Vaults:2 | Reached skill level 13 in Necromancy
 71375 | Vaults:2 | Lost mutation: Your spells are a little easier to cast, but a little less powerful. [mutagenic meat]
 71561 | Vaults:2 | Found a staircase to the Crypt.
 71978 | Vaults:2 | Reached skill level 14 in Necromancy
 72918 | Vaults:3 | Identified the cursed +1 chain mail of the Onion {rElec rC- Dex+5 Slay+4}
 72981 | Vaults:3 | Noticed Waterpls's ghost (adept DrCj)
 72989 | Vaults:3 | Killed Waterpls's ghost
 74195 | Vaults:3 | Reached XP level 22. HP: 137/137 MP: 44/48
 74261 | Vaults:3 | Reached skill level 18 in Fire Magic
 74340 | Vaults:3 | Noticed Jorgrun
 74344 | Vaults:3 | Killed Jorgrun
 75023 | Vaults:4 | Lost mutation: You are somewhat resistant to further mutation. [potion of mutation]
 75023 | Vaults:4 | Gained mutation: You are dopey. (Int -2) [potion of mutation]
 75600 | Vaults:4 | Reached skill level 19 in Fire Magic
 75794 | Vaults:4 | Lost mutation: You are dopey. (Int -2) [mutagenic meat]
 75797 | Vaults:4 | Lost mutation: You can translocate small distances at will. [mutagenic meat]
 75914 | Vaults:3 | Lost mutation: You are robust. (+10% HP) [mutagenic meat]
 75920 | Vaults:3 | Gained mutation: You are somewhat resistant to further mutation. [mutagenic meat]
 75929 | Vaults:3 | Lost mutation: You have supernaturally acute eyesight. (SInv) [mutagenic meat]
 77025 | Vaults:5 | Entered Level 5 of the Vaults
 77028 | Vaults:5 | Reached skill level 20 in Fire Magic
 77521 | Vaults:5 | Reached skill level 21 in Fire Magic
 77523 | Vaults:5 | HP: 17/125 [stone giant/large rock (34)]
 77525 | Vaults:5 | Shot with a bolt by a yaktaur captain

Vault maps used:
D:1:      roderic_crossed_star, hangedman_decor_diamond_cutter,
          hangedman_decor_peaks_small
D:2:      minmay_door_path, first_bread, solitary_fountain
D:3:      yredelemnul_forgotten_temple_becter, serial_park_tiny_pond,
          minmay_fountain_box, evilmike_ruin_ashenzari
D:4:      grunt_decor_mini_mirrors, uniq_edmund, uniq_pikel, uniq_grinder
D:5:      gammafunk_temple_overflow_wave, kennysheep_generic_room_12,
          uniq_blork_the_orc
D:6:      grunt_pakellas_basics, enter_ossuary_1, patterned_corridor
D:7:      eat_drink_and_be_merry_uskayaw, basic_altar, minivault_24,
          minmay_misc_feat_x
D:8:      nemelex_xobeh_ov_fountains_minmay
D:9:      palyth_temple_overflow_mages
D:10:     uniq_sonja
D:11:     minmay_lair_entry_lava, kennysheep_orc_monster_closet_entryway,
          uniq_gastronok
D:12:     grunt_pizzeria, minmay_misc_feat_cross, minivault_16,
          minmay_shop_grid_forest
D:13:     basic_altar, serial_bayou_pond_a
D:14:     grunt_vaults_entry_fortified, special_room, tso_altar, uniq_urug,
          uniq_maud
D:15:     gammafunk_enter_depths_forms, hex_medium, nicolae_lava_and_water,
          kennysheep_two_boxes
Temple:   nicolae_temple_figure_eight
Lair:1:   basic_altar, bh_autumn_forest_stairs
Lair:2:   mu_elephants_graveyard, special_room, serial_bayou_shore_b,
          serial_bayou_shore_b, uniq_fannar
Lair:3:   enter_volcano_3
Lair:4:   minmay_swamp_entry_worms, guppyfry_snake_entry_garden,
          serial_bayou_pond_e
Lair:5:   lemuel_oklob_altar, grunt_megastairs_3
Lair:6:   minmay_lair_end_enchanted_forest, minmay_slime_entry_jelly_boxes,
          ldierk_geyser
Swamp:1:  hangedman_swamp_cone, swamp_pool1, ldierk_geyser,
          hangedman_swamp_diagram, nicolae_swamp_trees_clearing, uniq_roxanne
Swamp:2:  evilmike_swamp_ruin_house_3
Swamp:3:  evilmike_swamp_ruin_house_1
Swamp:4:  swamp_basic_johnstein
Snake:1:  grunt_ministairs_14, grunt_megastairs_2
Snake:2:  grunt_ministairs_15, library_closet
Snake:4:  snake_pit_salamanders_mu, serial_shops, nicolae_shop_behind_doors,
          spider_trap
Orc:1:    serial_shops, shop, nicolae_shop_statue_plus, shop,
          okawaru_metal_pillars_3
Orc:2:    kennysheep_orc_mage_school
Elf:1:    minmay_elf_arrival_circle, hangedman_corner_corridor
Elf:3:    minmay_elf_hall_hex, serial_shops, shop, uniq_bai_suzhen
Vaults:1: ontoclasm_vaults_tryst, nicolae_vaults_sealed_display,
          ontoclasm_vaults_shout, nicolae_vaults_yaktaur_gun_rack,
          grunt_vaults_funnel, v_misc_16, ontoclasm_vaults_eye,
          nicolae_vaults_little_ls, serial_shops, shop, uniq_saint_roka
Vaults:2: st_diamondy, v_pattern_2, v_misc_28, hangedman_vaults_stream,
          dpeg_vaults_monster_row, v_misc_8, minmay_crypt_entry_simple_corners,
          v_misc_29, v_alt_pattern_6, vaults_room_large_hall,
          vaults_room_stairs_pillars, vaults_dpeg_ring, v_misc_8,
          ontoclasm_vaults_ring_small
Vaults:3: v_misc_3, vaults_room_semicircle, nicolae_vaults_little_squares_4,
          ontoclasm_vaults_twist, nicolae_vaults_ninety_degrees,
          grunt_vaults_hallway_long, dpeg_vaults_monster_box, uniq_jorgrun
Vaults:4: hangedman_vaults_nails, v_misc_8, hangedman_vaults_cutoff,
          hangedman_vaults_stagger, grunt_vaults_focal, v_misc_25, v_misc_11,
          hangedman_vaults_restitches, nicolae_vaults_windows_and_doors_thing,
          v_misc_17, vaults_dpeg_encased_lava
Abyss:2:  evilmike_abyss_exit_7
Abyss:3:  nicolae_abyss_rune_star_stuff, evilmike_abyss_exit_chaos,
          evilmike_abyss_exit_16
Ossuary:  ossuary_tomb_1
Volcano:  volcano_lake

Skill      XL: |  1  2  3  4  5  6  7  8  9 10 11 12 13 14 15 16 17 18 19 20 21 22 |
---------------+-------------------------------------------------------------------+-----
Dodging        | 1 2 3 4 5 6 7 8 9 10 12 | 12.7
Conjurations   | 3 4 5 6 7 9 11 12 13 17 18 | 18.1
Spellcasting   | 6 11 12 13 15 18 21 | 21.9
Fighting       | 2 3 |  3.3
Armour         | 5 |  5.9
Fire Magic     | 4 9 10 12 15 17 21 | 21.0
Hexes          | 1 |  1.0
Charms         | 7 |  7.7
Necromancy     | 4 11 14 | 14.9
Shields        | 6 |  6.1
Stealth        | |  1.1
Translocations | |  1.1
Ice Magic      | |  1.0
Evocations     | |  1.0

Action                   |  1- 3 |  4- 6 |  7- 9 | 10-12 | 13-15 | 16-18 | 19-21 | 22-24 || total
-------------------------+-------+-------+-------+-------+-------+-------+-------+-------++-------
Melee: Dagger            |    42 |    26 |       |       |       |       |       |       ||    68
       Staff             |       |    18 |   161 |   116 |   122 |    60 |    35 |     2 ||   514
       Unarmed           |       |     3 |     7 |       |       |       |       |       ||    10
       Flail             |       |       |       |       |     8 |   121 |       |       ||   129
 Cast: Magic Dart        |    99 |   111 |   237 |    28 |     1 |     1 |       |       ||   477
       Conjure Flame     |     1 |     3 |    10 |    20 |    11 |     5 |       |       ||    50
       Mephitic Cloud    |       |     2 |     4 |     3 |     8 |       |       |       ||    17
       Stone Arrow       |       |       |   107 |   343 |   599 |    54 |       |       ||  1103
       Slow              |       |       |     1 |       |       |       |       |       ||     1
       Repel Missiles    |       |       |       |     3 |     3 |     2 |       |       ||     8
       Fireball          |       |       |       |    10 |   165 |   393 |   498 |   138 ||  1204
       Bolt of Fire      |       |       |       |    30 |   164 |   130 |    27 |     8 ||   359
       Ignite Poison     |       |       |       |       |     8 |     1 |       |       ||     9
       Delayed Fireball  |       |       |       |       |     4 |     2 |       |     1 ||     7
       Blink             |       |       |       |       |     2 |     7 |     2 |       ||    11
       Ring of Flames    |       |       |       |       |     5 |    33 |    84 |    24 ||   146
       Iskenderun's Myst |       |       |       |       |       |   294 |   270 |    11 ||   575
       Deflect Missiles  |       |       |       |       |       |       |     2 |       ||     2
       Sublimation of Bl |       |       |       |       |       |       |    28 |    17 ||    45
       Iron Shot         |       |       |       |       |       |       |       |    22 ||    22
       Orb of Destructio |       |       |       |       |       |       |       |     4 ||     4
Invok: Curse Item        |       |     2 |     2 |       |     2 |     3 |       |       ||     9
 Abil: Release Delayed F |       |       |       |       |     2 |     2 |       |     1 ||     5
       Blink             |       |       |       |       |       |       |     1 |       ||     1
Evoke: Rod               |       |       |       |     2 |     2 |       |       |       ||     4
       Wand              |       |       |       |    10 |    16 |    16 |     7 |       ||    49
  Use: Potion            |     1 |     1 |    10 |     3 |     4 |     6 |     1 |     2 ||    28
       Scroll            |       |     4 |    10 |    11 |    13 |    16 |     4 |     6 ||    64
 Stab: Sleeping          |       |     1 |     2 |       |       |     3 |       |       ||     6
       Confused          |       |       |     1 |       |       |       |       |       ||     1
       Invisible         |       |       |     1 |       |       |       |       |       ||     1
  Eat: Chunk             |     3 |     6 |    20 |    32 |    81 |    28 |    50 |    16 ||   236
       Beef jerky        |       |       |     2 |       |     1 |     3 |     2 |       ||     8
       Pizza             |       |       |     1 |       |     6 |     5 |     1 |     1 ||    14
       Fruit             |       |       |       |     3 |       |     7 |     7 |       ||    17
       Royal jelly       |       |       |       |     3 |       |       |       |       ||     3
       Bread ration      |       |       |       |     1 |     4 |    11 |     2 |       ||    18
Armor: Skin              |    26 |       |       |       |     3 |       |       |       ||    29
       Robe              |     3 |    12 |    49 |       |    26 |    66 |    23 |     9 ||   188
       Troll leather arm |       |       |       |    88 |    63 |       |       |       ||   151
Dodge: Dodged            |    26 |    45 |   223 |   309 |   506 |   500 |   193 |    59 ||  1861
       Deflected         |       |       |       |     2 |    20 |    23 |    22 |    15 ||    82
Block: Buckler           |       |       |       |       |       |   300 |   119 |    46 ||   465
       Reflection        |       |       |       |       |       |    48 |    40 |    28 ||   116
